 Dungeon Crawl Stone Soup version 0.25-a0-544-gee0576305d (webtiles) character file.

Game seed: 2665850009058665390, levelgen mode: deterministic

26185 DunjonMajick the Grappler (level 12, -3/120 HPs)
             Began as a Troll Transmuter on Feb 20, 2020.
             Was a Priest of Ashenzari.
             Slain by a cyclops (31 damage)
             ... on level 13 of the Dungeon.
             The game lasted 00:40:40 (11226 turns).

DunjonMajick the Grappler (Troll Transmuter)       Turns: 11226, Time: 00:40:41

Health: -3/120     AC: 12    Str: 21    XL:     12   Next: 96%
Magic:  14/14      EV: 13    Int: 13    God:    Ashenzari [***...]
Gold:   523        SH:  0    Dex: 10    Spells: 10/13 levels left

rFire    + + +     SeeInvis +     - Unarmed
rCold    + + .     Gourm    +   (no shield)
rNeg     . . .     Faith    .   f - +2 robe {rC+ rF+} (curse)
rPois    .         Spirit   .   (helmet restricted)
rElec    .         Reflect  .   J - scarf {rC+ rF+} (curse)
rCorr    .         Harm     .   (gloves unavailable)
MR       .....                  (boots unavailable)
Stlth    +.........             x - amulet of rage (curse)
HPRegen  0.70/turn              m - +4 ring of protection (curse)
MPRegen  0.14/turn              p - ring of protection from fire

@: no status effects
A: large, unfitting armour, claws 3, fast metabolism 3, gourmand, regeneration
1, shaggy fur 1, tough skin 3
a: Curse Item, Scrying, Renounce Religion, Evoke Berserk Rage


You were on level 13 of the Dungeon.
You worshipped Ashenzari.
Ashenzari was most pleased with you.
You were not hungry.

You visited 1 branch of the dungeon, and saw 13 of its levels.
You also visited: Ice Cave.

You collected 557 gold pieces.
You spent 34 gold pieces at shops.

Inventory:

Missiles
 a - 334 arrows
 K - 4 large rocks (quivered)
Armour
 f - a cursed +2 robe of resistance (worn)
 z - cursed +0 swamp dragon scales
 J - a cursed scarf of resistance (worn)
Jewellery
 m - a cursed +4 ring of protection (left claw)
 p - a ring of protection from fire (right claw)
 x - a cursed amulet of rage (around neck)
 I - an uncursed ring of fire
 L - a +3 ring of intelligence
Wands
 y - a wand of flame (31)
 H - a wand of acid (10)
 M - a wand of digging (6)
Scrolls
 b - a scroll of fog
 e - 4 scrolls of enchant weapon
 i - 4 scrolls of teleportation
 l - 2 scrolls of remove curse
 o - 3 scrolls of enchant armour
 q - 2 scrolls of amnesia
 w - 2 scrolls of magic mapping
 C - a scroll of fear
Potions
 c - 3 potions of might
 g - a potion of curing
 h - 2 potions of lignification {unknown}
 j - 2 potions of cancellation
 n - a potion of stabbing {unknown}
 r - 2 potions of haste
 s - 2 potions of heal wounds
 t - a potion of berserk rage {unknown}
 u - 3 potions of brilliance {unknown}
 v - a potion of degeneration {unknown}
 A - a potion of magic {unknown}
 B - 2 potions of flight {unknown}
 E - a potion of ambrosia {unknown}
 G - a potion of invisibility {unknown}
Miscellaneous
 F - a phial of floods
Comestibles
 d - 35 rations


   Skills:
 - Level 8.3 Fighting
 - Level 5.3 Armour
 - Level 6.8(8.7) Dodging
 - Level 14.7 Unarmed Combat
 - Level 1.2 Spellcasting
 + Level 4.8(6.6) Transmutations
 - Level 4.0(5.8) Evocations


You had 10 spell levels left.
You knew the following spells:

 Your Spells              Type           Power        Failure   Level  Hunger
a - Beastly Appendage     Tmut           ###...       1%          1    ##.....
b - Sticks to Snakes      Tmut           ###.....     2%          2    ###....

Your spell library contained the following spells:

 Spells                   Type           Power        Failure   Level  Hunger
 Spider Form              Tmut/Pois      #.........   21%         3    ####...
 Blade Hands              Tmut           ###.......   45%         5    ######.
 Ice Form                 Ice/Tmut       #.......     54%         4    #####..


Dungeon Overview and Level Annotations

Branches:
Dungeon (13/15)            Temple (0/1) D:7            Lair (0/6) D:11
    Orc (0/2) D:11          IceCv (visited)
 Vaults: D:13-14

Altars:
Ashenzari
Cheibriados
Elyvilon
Fedhas
Hepliaklqana
Kikubaaqudgha
Nemelex Xobeh
Okawaru
Sif Muna
Trog
Uskayaw
Vehumet
The Shining One

Shops:
D:7 *

Annotations:
D:9 2 transporters, Oki's ghost, journeyman TrBe


Innate Abilities, Weirdness & Mutations

You are too large for most types of armour.
You have claws for hands.
Your metabolism is lightning-fast.
You like to eat raw meat.
Your natural rate of healing is unusually fast.
You are covered in fur. (AC +1)
You have extremely tough skin. (AC +3)


Message History

You see here a large rock.
The cyclops hits you!!
You are too injured to fight recklessly!
You are too injured to fight recklessly!
You are too injured to fight recklessly!
You scratch the cyclops but do no damage.
You barely miss the cyclops. The cyclops hits you!!
* * * LOW HITPOINT WARNING * * *
You scratch the cyclops.
The cyclops is lightly wounded.
You claw the cyclops!
The cyclops is moderately wounded.
The cyclops hits you!
* * * LOW HITPOINT WARNING * * *
You mangle the cyclops!!
The cyclops is severely wounded.
You scratch the cyclops.
The cyclops is severely wounded.
The cyclops hits you!!
You die...

#######.######
#......# ,,
##.###### #..#
#.## ** *
##(###########**
, ,,
#.............*
*,*
#.......:.....
,, ,,
#....(@.......
,######
#......C......
#.....
#............. *
#.####
#.............,
#.#<..
#.............,
#.#.##
#.............*
#.....
##############
######


You could see a cyclops.

Vanquished Creatures
  A reaper (IceCv)
  The ghost of Thargor the Covert, a journeyman OpEE of Vehumet (D:10)
  A centaur warrior (D:13)
  Erica (D:8)
  A two-headed ogre (D:12)
  The ghost of ICC the Slicer, a novice VSFi of Wu Jian (D:7)
  An unseen horror (D:13)
  5 ugly things
  A manticore (D:12)
  A cyclops (D:11)
  A deep elf mage (D:12)
  An oklob plant (D:8)
  Psyche (D:12)
  2 ice statues (IceCv)
  Joseph (D:10)
  Maggie (D:6)
  3 centaur skeletons
  3 kobold demonologists (D:12)
  12 ice devils (IceCv)
  2 trolls
  2 hornets (D:8)
  2 hippogriffs
  A wraith (D:12)
  3 wyverns
  2 hungry ghosts
  3 yaks (D:10)
  3 soldier ants
  An acid dragon (D:12)
  2 water moccasins
  Duvessa (D:5)
  7 orc warriors
  4 phantoms
  A black bear (D:9)
  12 ice beasts
  A hornet zombie (D:13)
  8 ogres
  2 necrophages
  3 sky beasts
  11 centaurs
  A crocodile (D:9)
  3 big kobolds
  8 bullfrogs
  Dowan (D:5)
  A wyvern skeleton (D:9)
  2 scorpions
  20 killer bees
  5 troll zombies (D:11)
  12 wights
  6 howler monkeys
  2 crimson imps
  2 centaur zombies
  3 bullfrog skeletons
  A jelly (D:11)
  11 orc priests
  8 hounds
  Crazy Yiuf (D:2)
  Jessica (D:3)
  Natasha (thrice) (D:2)
  2 iguanas
  13 orc wizards
  10 worker ants
  A killer bee zombie (D:9)
  3 ogre zombies (D:11)
  2 bullfrog simulacra (D:10)
  A hound skeleton (D:8)
  A killer bee simulacrum (D:10)
  A worker ant zombie (D:11)
  11 adders
  2 shadow imps
  4 white imps (IceCv)
  8 ufetubi (IceCv)
  An ooze (D:3)
  2 adder skeletons
  2 adder zombies
  13 worms
  2 dart slugs
  A leopard gecko (D:3)
  38 orcs
  3 ball pythons
  4 giant cockroaches
  10 goblins
  7 hobgoblins
  3 jackals (D:2)
  6 quokkas
  5 bats
  A frilled lizard (D:2)
  A goblin skeleton (D:11)
  4 goblin zombies (D:11)
  A hobgoblin zombie (D:11)
  19 kobolds
  An orc skeleton (D:11)
  18 orc zombies (D:11)
  7 rats
  A plant (D:8)
410 creatures vanquished.

Vanquished Creatures (others)
  2 white imps (IceCv)
  4 ufetubi (IceCv)
6 creatures vanquished.

Grand Total: 416 creatures vanquished

Notes
Turn   | Place    | Note
-------+----------+-------------------------------------------
     0 | D:1      | DunjonMajick the Troll Transmuter began the quest for the
                  | Orb.
     0 | D:1      | Reached XP level 1. HP: 18/18 MP: 1/1
   117 | D:1      | Reached XP level 2. HP: 26/26 MP: 2/2
   298 | D:1      | Found a shattered altar of Ashenzari.
   331 | D:1      | Became a worshipper of Ashenzari the Shackled
   504 | D:2      | Reached skill level 4 in Unarmed Combat
   608 | D:2      | Found a runed translucent door.
   609 | D:2      | Noticed Crazy Yiuf
   705 | D:2      | Reached XP level 3. HP: 28/32 MP: 3/3
   799 | D:2      | Noticed Natasha
   830 | D:2      | Killed Natasha
   830 | D:2      | Reached skill level 5 in Unarmed Combat
   830 | D:2      | Reached XP level 4. HP: 8/40 MP: 4/4
   926 | D:2      | Found a snail-covered altar of Cheibriados.
   928 | D:2      | Noticed Natasha
   934 | D:2      | Killed Natasha
   975 | D:2      | Found an ancient bone altar of Kikubaaqudgha.
   980 | D:2      | Reached skill level 6 in Unarmed Combat
   980 | D:2      | Reached XP level 5. HP: 24/46 MP: 5/5
  1385 | D:2      | Noticed Natasha
  1389 | D:2      | Killed Natasha
  1555 | D:2      | Killed Crazy Yiuf
  1689 | D:3      | Found a faded altar of an unknown god.
  1689 | D:3      | Noticed a sky beast
  1697 | D:3      | Killed a sky beast
  1697 | D:3      | Reached skill level 7 in Unarmed Combat
  1697 | D:3      | Reached XP level 6. HP: 43/54 MP: 6/6
  2019 | D:3      | Reached * piety under Ashenzari
  2142 | D:3      | Noticed Jessica
  2146 | D:3      | Killed Jessica
  2471 | D:4      | Reached skill level 8 in Unarmed Combat
  2497 | D:4      | Reached XP level 7. HP: 61/61 MP: 7/7
  2526 | D:4      | Reached skill level 1 in Fighting
  2861 | D:4      | Found a shimmering blue altar of Sif Muna.
  2892 | D:5      | Entered Level 5 of the Dungeon
  2945 | D:5      | Found a radiant altar of Vehumet.
  3206 | D:5      | Noticed Dowan
  3207 | D:5      | Noticed Duvessa
  3216 | D:5      | Killed Duvessa
  3227 | D:5      | Killed Dowan
  3372 | D:5      | Reached XP level 8. HP: 44/79 MP: 8/8
  3791 | D:5      | Reached skill level 5 in Fighting
  4073 | D:6      | Noticed Maggie
  4089 | D:6      | Killed Maggie
  4179 | D:6      | Learned a level 2 spell: Sticks to Snakes
  4255 | D:6      | Reached skill level 1 in Armour
  4269 | D:6      | Reached XP level 9. HP: 36/93 MP: 9/9
  4414 | D:6      | Found a hide-covered altar of Uskayaw.
  4620 | D:7      | Found a runed translucent door.
  4712 | D:7      | Found Cofuok's Assorted Antiques.
  4717 | D:7      | Bought a bubbling orange potion for 16 gold pieces
  4717 | D:7      | Bought a scroll labeled RICUOWK TOUSCHA for 18 gold pieces
  4830 | D:7      | Found a glowing golden altar of the Shining One.
  4908 | D:7      | Found a staircase to the Ecumenical Temple.
  5178 | D:7      | Reached skill level 9 in Unarmed Combat
  5257 | D:7      | Noticed ICC's ghost (novice VSFi)
  5268 | D:7      | Killed ICC's ghost
  5268 | D:7      | Reached skill level 10 in Unarmed Combat
  5303 | D:8      | Reached ** piety under Ashenzari
  5322 | D:8      | Found a sparkling altar of Nemelex Xobeh.
  5356 | D:8      | Found a shattered altar of Ashenzari.
  5356 | D:8      | Noticed an oklob plant
  5386 | D:8      | Reached XP level 10. HP: 74/102 MP: 10/10
  5518 | D:8      | Reached skill level 11 in Unarmed Combat
  5539 | D:8      | Paralysed by a hornet for 1 turns
  5625 | D:8      | Paralysed by a hornet for 1 turns
  5886 | D:8      | Found a hazy altar of Hepliaklqana.
  5961 | D:8      | Noticed Erica
  5986 | D:8      | Killed Erica
  5986 | D:8      | Reached skill level 12 in Unarmed Combat
  6092 | D:8      | Found a bloodstained altar of Trog.
  6236 | D:8      | Killed an oklob plant
  6266 | D:9      | Found a transporter.
  6266 | D:9      | Found a transporter.
  6266 | D:9      | Noticed Oki's ghost (journeyman TrBe)
  6284 | D:9      | Reached skill level 5 in Armour
  6392 | D:9      | Found an iron altar of Okawaru.
  6419 | D:9      | Reached skill level 1 in Evocations
  6598 | D:9      | Found a white marble altar of Elyvilon.
  6691 | D:9      | Found a hide-covered altar of Uskayaw.
  6820 | D:9      | Found a shattered altar of Ashenzari.
  6820 | D:9      | Found a blossoming altar of Fedhas.
  6905 | D:10     | Entered Level 10 of the Dungeon
  6928 | D:10     | Noticed Joseph
  6941 | D:10     | Killed Joseph
  6941 | D:10     | Reached XP level 11. HP: 84/109 MP: 11/13
  7033 | D:10     | Found a runed translucent gate.
  7061 | D:10     | Found a runed translucent gate.
  7061 | D:10     | Found a runed translucent gate.
  7335 | D:10     | Noticed Thargor's ghost (journeyman OpEE)
  7473 | D:10     | Killed Thargor's ghost
  7529 | D:10     | Reached skill level 13 in Unarmed Combat
  7752 | D:11     | Found a staircase to the Orcish Mines.
  7893 | D:11     | Noticed an eight-headed hydra
  8134 | D:11     | Noticed a green ugly thing
  8148 | D:11     | Killed a green ugly thing
  8235 | D:11     | Reached skill level 14 in Unarmed Combat
  8500 | D:11     | Noticed a green ugly thing
  8510 | D:11     | Killed a green ugly thing
  8544 | D:11     | Found a staircase to the Lair.
  8613 | D:12     | Noticed a purple ugly thing
  8642 | D:12     | Killed a purple ugly thing
  8652 | D:12     | Noticed a deep elf mage
  8781 | D:12     | Killed a deep elf mage
  8813 | D:12     | Noticed Psyche
  8835 | D:12     | Noticed a sun demon
  8848 | D:12     | Killed Psyche
  8848 | D:12     | Reached XP level 12. HP: 66/119 MP: 14/14
  8895 | D:12     | Found a frozen archway.
  8938 | IceCv    | Entered an ice cave
  8938 | IceCv    | Reached *** piety under Ashenzari
  9653 | IceCv    | Reached skill level 5 in Dodging
  9770 | IceCv    | Noticed a reaper
  9801 | IceCv    | Killed a reaper
 10207 | D:12     | Noticed a two-headed ogre
 10217 | D:12     | Killed a two-headed ogre
 11021 | D:13     | Noticed a centaur warrior
 11032 | D:13     | Killed a centaur warrior
 11226 | D:13     | Slain by a cyclops

Levels and vault maps discovered:
D:1:      wander_arrival_lonely_grave, layout_rooms, hangedman_decor_lopped,
          evilmike_ruin_ashenzari
D:2:      layout_loops_cross, cheibriados_altar_1, lemuel_round_altar,
          kennysheep_generic_room_9, uniq_crazy_yiuf_cottage, uniq_natasha
D:3:      layout_basic, chequers_ecumenical_altar_island, minmay_goblin_outpost,
          uniq_jessica
D:4:      layout_rooms, tgw_sif, first_ration
D:5:      layout_layer_cave, nicolae_overflow_hidden_temple, uniq_duvessa
D:6:      layout_rooms, basic_altar, uniq_maggie
D:7:      cheibrodos_helix_gallery, layout_loops_cross, lemuel_round_altar,
          minmay_temple_entry_overgrown, ebering_ghost_reflecting_pool,
          serial_shops, nicolae_shop_stone
D:8:      layout_cave_pools, marbit_many_paths, kennysheep_mini, basic_altar,
          hangedman_pestilent_swarm, nicolae_two_hexagons, lemuel_oklob_altar,
          uniq_erica
D:9:      layout_basic, lemuel_doored_altar, elyvilon_altar_4,
          okawaru_metal_pillars_1_2, gammafunk_temple_overflow_wave,
          gammafunk_ghost_hive
D:10:     layout_cave_pools, gammafunk_ghost_icy, uniq_joseph
D:11:     layout_irregular_city, lair_entry_dummy, zombieorc2_lemuel
D:12:     layout_gridville, portal_ice_cave_entry_ice_beasts, uniq_psyche
D:13:     layout_roguey, ximxim_vaults_locker_room, uniq_urug

Skill      XL: |  1  2  3  4  5  6  7  8  9 10 11 12 |
---------------+-------------------------------------+-----
Unarmed Combat | 4 5 6 7 8 10 12 14 | 14.7
Fighting       | 4 7 8 |  8.3
Armour         | 2 4 5 |  5.3
Evocations     | 4 |  4.0
Dodging        | 6 |  6.8
Transmutations | 4 |  4.8
Spellcasting   | |  1.2

Action                   |  1- 3 |  4- 6 |  7- 9 | 10-12 || total
-------------------------+-------+-------+-------+-------++-------
Melee: Unarmed           |    98 |   155 |   256 |   912 ||  1421
       Punch             |     3 |     3 |     8 |    53 ||    67
 Cast: Beastly Appendage |       |       |     1 |       ||     1
Invok: Curse Item        |       |       |       |     4 ||     4
 Abil: Evoke Berserk Rag |       |       |     1 |     3 ||     4
  Use: Scroll            |       |       |     8 |     9 ||    17
       Potion            |       |       |       |     7 ||     7
 Stab: Sleeping          |       |       |       |     2 ||     2
  Eat: Chunk             |     8 |    15 |    29 |    52 ||   104
       Ration            |       |       |     1 |     2 ||     3
Armor: Robe              |    47 |    43 |    99 |   380 ||   569
Dodge: Dodged            |    53 |    60 |   101 |   449 ||   663

Table legend:
 A = Non-vault XP
 B = Vault XP
 C = Vault XP percentage of total XP
 D = Non-vault monster count
 E = Vault monster count
 F = Vault count percentage of total count
                 A         B        C        D         E       F
            +---------+---------+-------+---------+---------+-------
      Total |   23676 |   13732 |  36.7 |     304 |     105 |  25.7
            +---------+---------+-------+---------+---------+-------
        D:1 |      20 |       0 |   0.0 |      11 |       0 |   0.0
        D:2 |     249 |      77 |  23.6 |      36 |       3 |   7.7
        D:3 |     188 |      53 |  22.0 |      20 |       9 |  31.0
        D:4 |     481 |       0 |   0.0 |      14 |       0 |   0.0
        D:5 |     423 |     223 |  34.5 |      10 |       2 |  16.7
        D:6 |    1114 |     409 |  26.9 |      26 |       1 |   3.7
        D:7 |     822 |     765 |  48.2 |      18 |       2 |  10.0
        D:8 |    1390 |    2142 |  60.6 |      21 |       7 |  25.0
        D:9 |    2401 |       0 |   0.0 |      39 |       0 |   0.0
       D:10 |    1694 |    1928 |  53.2 |      20 |       9 |  31.0
       D:11 |    4069 |     882 |  17.8 |      32 |      36 |  52.9
       D:12 |    8052 |    1473 |  15.5 |      44 |       9 |  17.0
       D:13 |    2773 |       0 |   0.0 |      13 |       0 |   0.0
      IceCv |       0 |    5780 | 100.0 |       0 |      27 | 100.0
            +---------+---------+-------+---------+---------+-------
